 Dungeon Crawl Stone Soup version 0.29-a0-266-gf56f883ddd (webtiles) character file.

Game seed: 8975516814036653940

30 spaghetti the Skirmisher (level 2, -2/26 HPs)
             Began as a Demigod Fighter on Mar 6, 2022.
             Slain by Sigmund
             ... wielding a +0 scythe
              (5 damage)
             ... on level 2 of the Dungeon.
             The game lasted 00:01:38 (1102 turns).

spaghetti the Skirmisher (Demigod Fighter)          Turns: 1102, Time: 00:01:39

Health: -2/26      AC:  8    Str: 17    XL:     2   Next: 84%
Magic:  7/7        EV:  8    Int: 10    God:
Gold:   40         SH:  4    Dex: 13    Spells: 4/4 levels left

rFire   . . .      SeeInvis .   i - +1 spear {polearm}
rCold   . . .      Faith    .   b - +0 buckler
rNeg    . . .      Spirit   .   a - +0 scale mail
rPois   .          Reflect  .   f - +1 helmet
rElec   .          Harm     .   (no cloak)
rCorr   .          Rampage  .   (no gloves)
Will    .....                   (no boots)
Stlth   ..........              (no amulet)
HPRegen 0.08/turn               (no ring)
MPRegen 0.10/turn               (no ring)

@: mighty
A: high MP 1, forlorn, divine attributes
a: no special abilities


You were on level 2 of the Dungeon.
You visited 1 branch of the dungeon, and saw 2 of its levels.

You collected 40 gold pieces.


Innate Abilities, Weirdness & Mutations

You have an increased reservoir of magic. (+10% MP)
You shall have no god before yourself.
Your divine heritage dramatically boosts your attributes as you level up.


   Skills:
 - Level 3.1 Fighting
 - Level 2.6 Armour
 - Level 2.6 Shields
 - Level 1.7 Unarmed Combat
 + Level 1.7 Spellcasting


You had 4 spell levels left.
You didn't know any spells.
Your spell library contained the following spells:

 Spells                   Type           Power      Damage    Failure   Level
 Chain Lightning          Conj/Air       0%         N/A       100%        9
 Fire Storm               Conj/Fire      0%         5d1       100%        9
 Shatter                  Erth           0%         3d5*      100%        9

Inventory:

Hand Weapons
 i - a +1 spear (weapon) {polearm}
   (You found it on level 1 of the Dungeon)
Missiles
 d - 49 stones (quivered) {throwing}
Armour
 a - a +0 scale mail (worn)
 b - a +0 buckler (worn)
 f - a +1 helmet (worn)
   (You found it on level 1 of the Dungeon)
Scrolls
 e - a scroll of holy word
 l - a scroll of identify {@r1}

Dungeon Overview and Level Annotations

Branches:
Dungeon (2/15)

Annotations:
D:2 Sigmund

............#
.##.....{..#
#........#
####....##
###..#†#
#....#.####
#.#..#....#
#{#######.#
#.@....##.#
#......'..#
#......####
...#...#####
....###.....#
..............#
.....##.......#
.....##....†..#
.........##


There were no monsters in sight!


Message History

The adder bites you. 😕 HP[-2]
You take 2 damage, and now have 24/26 hp.
You hit the adder. The adder bites you but does no damage.
You closely miss the adder. The adder closely misses you.
The adder barely misses you.
You hit the adder.
You kill the adder!
d - 49 stones {throwing} (gained 16)
You open the door.
There is an open door here.
A rat and a frilled lizard come into view.
The frilled lizard hisses angrily. 😎 HP[+2]
Your hp is fully restored (26).
There are monsters nearby!
You reach to attack!
You hit the rat.
You kill the rat!
A frilled lizard is nearby!
A frilled lizard is nearby!
You reach to attack!
You closely miss the frilled lizard.
A ball python comes into view.
The ball python moves out of view.
You barely miss the frilled lizard. The frilled lizard bites you. 😕 HP[-1]
You take 1 damage, and now have 25/26 hp.
You miss the frilled lizard. You block the frilled lizard's attack.
The frilled lizard bites you but does no damage. 😎 HP[+1]
Your hp is fully restored (26).
You puncture the frilled lizard!
You kill the frilled lizard!
No target in view!
No target in view!
No target in view!
No target in view!
No target in view!
No target in view!
You see here a rat corpse.
A ball python is nearby!
A ball python is nearby!
Sigmund the Dreaded comes into view.
He is wielding a +0 scythe.
The ball python hisses angrily.
Sigmund casts a spell.
Sigmund flickers and vanishes!
Deactivating autopickup; reactivate with Ctrl-A.
You reach to attack!
You puncture the ball python!
You kill the ball python!
A magic dart appears from out of thin air!
The magic dart hits you! 😮 HP[-8]
You take 8 damage, and now have 18/26 hp.
MASSIVE DAMAGE!! (PAUSE)
A magic dart appears from out of thin air!
The magic dart hits you but does no damage.
Something tries to affect you, but you resist. 😮 HP[+1]
You are confused.
It was a potion of curing.
You feel better. 😎 HP[+7]
Your hp is fully restored (26).
You feel very mighty all of a sudden.
A puff of flame appears from out of thin air!
The puff of flame hits you. 😕 HP[-6] MP[+1]
You take 6 damage, and now have 20/26 hp.
MASSIVE DAMAGE!! (PAUSE)
Your mp is fully restored (7).
You start resting.
You block something's attack. 😕 HP[+1]
You miss something. Something hits you. 😮 HP[-2]
You take 2 damage, and now have 19/26 hp.
You barely miss something.
You hear some strange, mumbled words.
Something tries to affect you, but you resist.
You completely miss something. Something hits you. 😮 HP[-1]
You take 1 damage, and now have 18/26 hp.
You miss something. Something hits you but does no damage.
You puncture something! Something hits you.
* * * LOW HITPOINT WARNING * * *
😨 HP[-6]
You take 6 damage, and now have 12/26 hp.
MASSIVE DAMAGE!! (PAUSE)
You puncture something! You closely miss something.
Something hits you but does no damage.
You barely miss something. Something hits you!
* * * LOW HITPOINT WARNING * * *
😱 HP[-10]
You take 10 damage, and now have 2/26 hp.
MASSIVE DAMAGE!! (PAUSE)
You aren't carrying any potions.
Okay, then.
You closely miss something. Something completely misses you.
You hit something. 😱 HP[+1]
You barely miss something. Something hits you.
You die...

Skill      XL: |  1  2 |
---------------+-------+-----
Fighting       | 3 |  3.1
Spellcasting   | 1 |  1.7
Armour         | |  2.6
Shields        | |  2.6
Unarmed Combat | |  1.7

Action                   || total
-------------------------++-------
Melee: Unarmed           ||    46
       Spear             ||    38
  Use: Scroll            ||     3
       Potion            ||     2
Armor: Scale mail        ||    33
Dodge: Dodged            ||    15
Block: Buckler           ||    12

Levels and vault maps discovered:
D:1:      dpeg_arrival_short_road, layout_basic,
          ebering_ecumenical_altar_petrified
D:2:      layout_basic, minivault_5, uniq_sigmund

Notes
Turn   | Place    | Note
-------+----------+-------------------------------------------
     0 | D:1      | spaghetti the Demigod Fighter began the quest for the Orb.
     0 | D:1      | Reached XP level 1. HP: 18/18 MP: 3/3
     0 | D:1      | magus.rc [v1.9.6]
   119 | D:1      | You pick up a book of Annihilations and begin reading...
   119 | D:1      | You add the spells Chain Lightning, Fire Storm and Shatter
                  | to your library.
   132 | D:1      | Reached skill level 3 in Fighting
   484 | D:1      | Reached XP level 2. HP: 19/26 MP: 3/5
   755 | D:1      | Reached skill level 1 in Spellcasting
  1071 | D:2      | Noticed Sigmund
  1099 | D:2      | HP: 2/26 [something (10)]
  1102 | D:2      | Slain by Sigmund

Vanquished Creatures
  An adder (D:2)
  A dart slug (D:1)
  2 ball pythons
  2 giant cockroaches
  2 goblins (D:1)
  A quokka (D:1)
  3 bats (D:1)
  3 frilled lizards
  3 kobolds (D:1)
  3 rats
21 creatures vanquished.

Table legend:
 A = Non-vault XP
 B = Vault XP
 C = Vault XP percentage of total XP
 D = Non-vault monster count
 E = Vault monster count
 F = Vault count percentage of total count
                 A         B        C        D         E       F
            +---------+---------+-------+---------+---------+-------
      Total |      43 |       0 |   0.0 |      21 |       0 |   0.0
            +---------+---------+-------+---------+---------+-------
        D:1 |      24 |       0 |   0.0 |      16 |       0 |   0.0
        D:2 |      19 |       0 |   0.0 |       5 |       0 |   0.0
            +---------+---------+-------+---------+---------+-------

Illustrated notes

Table legend:
 A = Kills in this place as a percentage of kills in entire the game.
 B = Kills by you in this place as a percentage of kills by you in the entire game.
 C = Kills by friends in this place as a percentage of kills by friends in the entire game.
 D = Other kills in this place as a percentage of other kills in the entire game.
 E = Experience gained in this place as a percentage of experience gained in the entire game.
 F = Experience gained in this place divided by the number of levels of this place that you have seen.
                   A       B       C       D       E      F
               +-------+-------+-------+-------+-------+----------------------
         Total | 100.0 | 100.0 |   N/A |   N/A | 100.0 |  21.5
       Dungeon | 100.0 | 100.0 |   N/A |   N/A | 100.0 |  21.5
               +-------+-------+-------+-------+-------+----------------------

Table legend: (Time is in decaauts)
 A = Elapsed time spent in this place.
 B = Non-inter-level travel time spent in this place.
 C = Inter-level travel time spent in this place.
 D = Time resting spent in this place.
 E = Time spent auto-exploring this place.
 F = Levels seen in this place.
 G = Mean time per level.
                   A        B        C        D        E       F      G
               +--------+--------+--------+--------+--------+-----+--------+
         Total |   1106 |   1056 |     50 |      5 |    862 |   2 |  553.0 |
       Dungeon |   1106 |   1056 |     50 |      5 |    862 |   2 |  553.0 |
               +--------+--------+--------+--------+--------+-----+--------+

Top non-repeatable levels by time:
     D:1: 1010 daAuts
     D:2: 95 daAuts
